Map: Blackpink LE

Players

HeRoMaRinE - Winner!

  • Race: Terran Terran
  • Spawn Location: 1:00

MperorMmm (MperorM)

  • Race: Terran Terran
  • Spawn Location: 7:00

Event: WCS Leipzig 2018

VOD

Have the link to the VOD?

Description

Time

  • Played on: Jan. 26, 2018, 6:24 a.m.
  • Length: 10:31

All games in this series

Show
View Real Time Build Order
Export as new Build Order

HeRoMaRinE Terran - Winner!

Build Orders: Cyclone Opening, Reaper Expand, Mech 

Get SALT Encoding   

  12  0:00  SCV  
  13  0:12  SCV  
  14  0:17  Supply Depot  
  14  0:24  SCV  
  15  0:39  SCV, Barracks  
  16  0:44  Refinery  
  16  0:51  SCV  
  17  1:03  SCV  
  18  1:15  SCV  
  19  1:27  Orbital Command, Reaper  
  20  1:38  Command Center  
  20  1:49  Supply Depot  
  20  1:53  SCV  
  21  1:59  Marine  
  22  2:05  SCV  
  23  2:10  Factory  
  23  2:16  Marine  
  23  2:17  SCV  
  23  2:19  Refinery  
  25  2:29  SCV  
  26  2:35  Barracks Reactor  
  26  2:41  SCV  
  27  2:53  SCV  
  27  2:55  Cyclone  
  27  2:58  Orbital Command  
  31  3:05  SCV  
  31  3:12  Command Center  
  31  3:19  SCV  
  31  3:23  SCV  
  32  3:33  SCV  
  33  3:35  SCV, Cyclone x2  
  33  3:41  Supply Depot  
  40  3:45  SCV  
  40  3:48  SCV  
  42  3:50  Refinery  
  42  3:51  Refinery  
  41  3:57  SCV  
  41  4:00  SCV  
  40  4:09  SCV  
  40  4:12  SCV  
  40  4:13  Cyclone x2  
  47  4:22  SCV  
  49  4:24  SCV  
  49  4:25  Orbital Command  
  49  4:34  SCV  
  49  4:36  SCV  
  51  4:46  SCV  
  51  4:48  SCV  
  51  4:51  SCV  
  54  4:55  Armory  
  54  4:56  Armory  
  54  4:58  SCV, Factory Tech Lab  
  55  5:00  SCV  
  55  5:02  Factory  
  55  5:03  SCV  
  55  5:06  Supply Depot, Factory  
  57  5:10  SCV  
  57  5:12  SCV  
  59  5:16  SCV  
  60  5:22  SCV  
  60  5:23  Barracks Tech Lab, Siege Tank  
  60  5:24  SCV  
  60  5:26  Supply Depot  
  66  5:34  SCV, Supply Depot  
  67  5:36  SCV  
  67  5:43  Orbital Command  
  67  5:44  Terran Vehicle And Ship Armor Level 1, Terran Vehicle Weapons Level 1  
  67  5:46  SCV  
  68  5:52  Hellion x2  
  68  5:53  SCV  
  68  5:54  Starport  
  73  5:57  Refinery, Barracks Reactor  
  73  5:58  SCV  
  73  6:00  Refinery  
  73  6:02  Siege Tank  
  77  6:05  SCV  
  77  6:09  Supply Depot  
  77  6:10  SCV  
  80  6:11  SCV  
  80  6:15  Supply Depot  
  80  6:16  Siege Tank  
  80  6:17  Hellion x2  
  87  6:19  SCV  
  87  6:23  SCV x2  
  90  6:34  Siege Tank  
  90  6:37  Supply Depot  
  90  6:38  SCV x3  
  90  6:39  Supply Depot  
  96  6:40  Viking  
  96  6:45  Viking  
  100  6:50  SCV x2  
  100  6:53  Siege Tank  
  105  6:55  SCV  
  105  7:00  Supply Depot  
  106  7:02  SCV x2  
  106  7:06  Hellion, Siege Tank  
  106  7:07  SCV  
  106  7:08  Hellion  
  116  7:14  SCV  
  116  7:15  SCV  
  111  7:19  SCV  
  98  7:25  Viking x2, Siege Tank  
  106  7:34  Factory  
  106  7:35  Supply Depot, Factory  
  106  7:36  Supply Depot  
  107  7:37  Hellion x2  
  107  7:38  Siege Tank  
  112  7:44  Terran Vehicle And Ship Armor Level 2  
  112  7:47  Terran Vehicle Weapons Level 2  
  112  7:51  Engineering Bay  
  112  8:03  Hellion x2, Siege Tank  
  119  8:10  Siege Tank  
  119  8:11  Infernal Pre-Igniter  
  122  8:19  Supply Depot x2, Factory Tech Lab  
  122  8:24  Hellion x2, Starport Reactor  
  122  8:26  Command Center  
  126  8:36  Siege Tank  
  126  8:39  Hellion x3  
  125  8:42  Siege Tank  
  125  8:46  Hellion x2  
  125  9:00  Hellion x2, Viking x2, Siege Tank  
  128  9:07  Hellion x2  
  128  9:08  Siege Tank  
  135  9:10  SCV x3  
  135  9:15  Hellion  
  140  9:22  Hellion x2  
  140  9:23  Refinery  
  144  9:24  Refinery  
  144  9:28  Hellion x2  
  144  9:30  Viking x2  
  143  9:32  Supply Depot, Siege Tank  
  143  9:33  Supply Depot  
  143  9:36  Siege Tank  
  143  9:37  SCV x3  
  143  9:38  Planetary Fortress  
  152  9:42  Missile Turret  
  152  9:46  Missile Turret  
  152  9:48  Missile Turret, Siege Tank  
  155  9:54  SCV  
  155  9:59  Supply Depot  
Show
View Real Time Build Order
Export as new Build Order

MperorMmm Terran 

Build Orders: Cyclone Opening, Gas First Reaper Expand, Reaper Expand, Bio Tank 

Get SALT Encoding   

  12  0:00  SCV  
  13  0:13  SCV  
  14  0:17  Supply Depot  
  14  0:25  SCV  
  14  0:28  Refinery  
  15  0:39  SCV  
  16  0:44  Barracks  
  16  0:51  SCV  
  17  1:03  SCV  
  18  1:15  SCV  
  19  1:30  Orbital Command  
  19  1:31  Reaper  
  20  1:43  Command Center  
  20  1:53  Factory  
  20  1:56  SCV  
  21  2:06  Reaper  
  21  2:07  Supply Depot  
  22  2:09  SCV  
  23  2:16  Refinery  
  23  2:29  SCV  
  24  2:39  Marine  
  24  2:41  SCV, Cyclone  
  29  2:56  Orbital Command  
  29  3:01  SCV, Marine  
  29  3:02  Starport  
  31  3:05  Refinery  
  31  3:09  Supply Depot  
  31  3:13  SCV  
  32  3:23  SCV, Factory Tech Lab  
  32  3:26  Barracks Tech Lab  
  33  3:27  Barracks  
  33  3:30  SCV  
  34  3:36  SCV  
  34  3:40  Viking  
  37  3:42  SCV  
  38  3:48  SCV  
  38  3:54  SCV  
  39  3:57  Siege Tank  
  39  3:58  Stimpack  
  41  4:06  SCV  
  42  4:10  Marine  
  42  4:11  Starport Reactor  
  42  4:12  SCV  
  42  4:16  Barracks Reactor  
  44  4:20  SCV, Engineering Bay x2  
  45  4:24  SCV  
  45  4:29  Siege Tank  
  45  4:30  Marine  
  50  4:32  SCV  
  50  4:36  SCV  
  52  4:44  SCV  
  50  4:48  SCV  
  53  4:53  Terran Infantry Weapons Level 1, Marine x3, Terran Infantry Armor Level 1  
  53  4:56  Supply Depot  
  53  4:57  Refinery  
  54  5:01  Supply Depot  
  54  5:16  Supply Depot  
  54  5:17  SCV x2, Marine x3, Siege Tank  
  62  5:23  Medivac  
  62  5:25  Medivac  
  66  5:29  SCV x2  
  68  5:39  Command Center  
  68  5:41  SCV x2, Marine x2  
  72  5:48  Marine  
  73  5:53  Medivac  
  73  5:54  SCV x2  
  77  5:59  Supply Depot  
  77  6:02  Armory  
  77  6:06  SCV  
  78  6:12  Supply Depot  
  78  6:15  SCV, Medivac, Marine x3  
  78  6:18  SCV  
  85  6:28  SCV, Siege Tank  
  85  6:29  Barracks  
  85  6:30  SCV  
  85  6:31  Barracks  
  90  6:36  Marine x2  
  92  6:40  SCV  
  92  6:42  SCV  
  92  6:45  Marine  
  95  6:53  Terran Infantry Weapons Level 2, Terran Infantry Armor Level 2  
  95  6:56  Refinery  
  95  6:57  Marine x2  
  95  6:58  SCV  
  95  6:59  SCV  
  95  7:00  Siege Tank  
  102  7:10  SCV  
  102  7:12  SCV  
  94  7:19  Marine x2  
  94  7:20  Barracks Tech Lab x2  
  85  7:22  SCV  
  85  7:24  SCV  
  85  7:27  Orbital Command  
  89  7:30  Marauder  
  89  7:36  SCV x2  
  91  7:37  Starport  
  91  7:39  Concussive Shells, Marine x2, Marauder x2  
  91  7:40  Combat Shields  
  91  7:42  Terran Vehicle And Ship Armor Level 1  
  97  7:48  SCV x2, Supply Depot  
  97  7:49  Supply Depot  
  99  7:52  Marauder  
  99  7:56  SCV  
  102  7:58  Siege Tank  
  102  8:00  Viking, Marauder  
  102  8:05  Viking  
  111  8:06  SCV  
  111  8:10  Marine  
  111  8:11  SCV, Marine, Marauder  
  117  8:14  Supply Depot  
  117  8:15  SCV  
  118  8:20  Starport Reactor  
  118  8:21  SCV  
  118  8:23  Supply Depot  
  118  8:24  Marauder x2  
  123  8:27  SCV x2  
  123  8:30  Siege Tank  
  128  8:37  SCV  
  94  8:41  Marine x3  
  94  8:42  SCV  
  94  8:43  SCV  
  94  8:45  Medivac, Marine x2  
  94  8:48  Viking  
  88  8:50  SCV  
  88  8:54  SCV  
  84  8:59  Marine  
  84  9:00  Marauder  
  84  9:02  SCV, Marine  
  77  9:03  Siege Tank, Marauder  
  77  9:05  Medivac  
  77  9:07  SCV  
  77  9:11  Marine  
  77  9:15  SCV  
  77  9:17  Marine  
  78  9:19  SCV  
  78  9:20  Marine  
  80  9:27  SCV  
  81  9:31  SCV  
  81  9:36  Command Center  
  82  9:49  Marine x2  
  82  9:50  Marauder x2  
  82  9:52  SCV x2  
  90  9:54  Siege Tank  
  93  10:08  Marine  
  93  10:11  SCV  
  93  10:12  Marine  
Tags
 
Add a new tag
Caveats
  • Supply blocks, unpowered buildings, or Contaminate may cause inaccurate times.
  • Supply counts are checked every 10 seconds.